General information
- name: BNet
- type: Ladder team game (AT/RT)
- host: Battle.net
- saver: DOGSANDHORSE.RU
map: GoldRush
- players: 8
- length: 40:53
- speed: Fast
- version: 1.24 W3XP
- replay type:

» download(491 KB)
Players
team 1 (loser)
Cookie[M]onster (
blue | 81 APM | 3306 actions | 40:51)
7 Tauren Chieftain
3 Endurance Aura
3 Shockwave
1 Reincarnation
» actions
| Assign group hotkey | 33 | |
| Basic commands | 3 | |
| Build / train | 76 | |
| Enter build submenu | 36 | |
| Enter hero's abilities submenu | 10 | |
| Give item / drop item | 5 | |
| Remove unit from queue | 13 | |
| Right click | 1005 | |
| Select / deselect | 711 | |
| Select group hotkey | 1338 | |
| Use ability | 76 | |
3306 total
» units
» upgrades
| Berserker Strength | 1 | |
| Melee Weapons | 3 | |
| Armor | 4 | |
| Pulverize | 1 | |
9 total
» buildings
| Altar of Storms | 1 | |
| Orc Burrow | 9 | |
| Barracks | 1 | |
| Voodoo Lounge | 2 | |
| Stronghold | 2 | |
| Great Hall | 1 | |
| Fortress | 2 | |
| War Mill | 1 | |
| Tauren Totem | 3 | |
| Watch Tower | 11 | |
33 total
» build order
00:05 Altar of Storms
00:20 Orc Burrow
00:38 Barracks
01:40 Orc Burrow
01:56 Voodoo Lounge
03:05 Stronghold
04:07 Great Hall
05:02 Orc Burrow
05:29 Fortress
05:31 War Mill
07:55 Tauren Totem
08:08 Tauren Totem
09:03 Tauren Totem
09:40 Watch Tower
09:43 Watch Tower
09:46 Watch Tower
10:06 Orc Burrow
12:21 Orc Burrow
12:24 Orc Burrow
13:20 Orc Burrow
13:22 Orc Burrow
13:30 Watch Tower
13:33 Watch Tower
14:11 Watch Tower
14:30 Watch Tower
14:33 Watch Tower
14:34 Watch Tower
14:48 Watch Tower
16:02 Watch Tower
18:04 Stronghold
18:55 Orc Burrow
20:34 Fortress
22:09 Voodoo Lounge
» items
| Healing Salve | 2 | |
| Tiny Great Hall | 1 | |
| Scroll of Town Portal | 5 | |
| Scroll of Healing | 1 | |
| Potion of Lesser Invulnerability | 1 | |
10 total
KaMiKaZ (
orange | 112 APM | 4574 actions | 40:41)
6 Archmage
3 Summon Water Elemental
2 Brilliance Aura
1 Mass Teleport
5 Mountain King
3 Storm Bolt
2 Thunder Clap
» actions
| Assign group hotkey | 67 | |
| Basic commands | 247 | |
| Build / train | 133 | |
| ESC pressed | 31 | |
| Enter build submenu | 45 | |
| Enter hero's abilities submenu | 13 | |
| Give item / drop item | 1 | |
| Right click | 1968 | |
| Select / deselect | 854 | |
| Select group hotkey | 994 | |
| Use ability | 220 | |
4574 total
» units
| Peasant | 33 | |
| Footman | 10 | |
| Siege Engine | 6 | |
| Mortar Team | 10 | |
59 total
» upgrades
| Masonry | 3 | |
| Lumber Harvesting | 1 | |
| Gunpowder | 3 | |
| Plating | 4 | |
| Flare | 1 | |
| Barrage | 1 | |
| Armor | 3 | |
| Fragmentation Shards | 1 | |
17 total
» buildings
| Altar of Kings | 1 | |
| Barracks | 1 | |
| Farm | 12 | |
| Scout Tower | 38 | |
| Arcane Tower | 5 | |
| Lumber Mill | 1 | |
| Guard Tower | 14 | |
| Keep | 1 | |
| Town Hall | 2 | |
| Blacksmith | 1 | |
| Castle | 1 | |
| Workshop | 4 | |
| Arcane Vault | 1 | |
| Arcane Sanctum | 1 | |
83 total
» build order
00:10 Altar of Kings
00:19 Barracks
00:34 Farm
00:56 Farm
01:38 Scout Tower
02:09 Farm
02:11 Arcane Tower
03:02 Scout Tower
03:15 Arcane Tower
03:23 Scout Tower
03:51 Scout Tower
04:08 Arcane Tower
05:08 Lumber Mill
05:10 Scout Tower
05:11 Scout Tower
05:13 Scout Tower
06:09 Guard Tower
06:57 Farm
06:57 Farm
07:31 Keep
07:43 Town Hall
07:53 Scout Tower
07:53 Scout Tower
07:54 Scout Tower
07:54 Scout Tower
07:55 Scout Tower
08:45 Arcane Tower
08:46 Guard Tower
08:49 Guard Tower
09:23 Blacksmith
09:52 Scout Tower
09:52 Scout Tower
09:52 Scout Tower
09:53 Scout Tower
09:54 Scout Tower
09:54 Scout Tower
10:27 Arcane Tower
10:27 Guard Tower
10:45 Guard Tower
10:54 Town Hall
10:58 Guard Tower
11:24 Scout Tower
11:24 Scout Tower
11:25 Scout Tower
12:50 Castle
13:21 Scout Tower
13:22 Scout Tower
13:32 Scout Tower
13:38 Scout Tower
13:41 Scout Tower
13:59 Guard Tower
14:12 Guard Tower
14:15 Scout Tower
14:16 Scout Tower
14:17 Scout Tower
14:33 Workshop
14:35 Workshop
14:47 Guard Tower
15:29 Guard Tower
15:35 Workshop
16:04 Guard Tower
17:21 Workshop
17:52 Scout Tower
17:54 Farm
17:54 Farm
17:55 Farm
18:27 Scout Tower
18:28 Scout Tower
18:58 Guard Tower
19:00 Guard Tower
19:20 Arcane Vault
20:02 Farm
20:04 Farm
20:04 Farm
33:00 Scout Tower
33:00 Scout Tower
33:00 Scout Tower
33:01 Scout Tower
33:01 Scout Tower
33:01 Scout Tower
34:04 Farm
34:37 Guard Tower
35:21 Arcane Sanctum
» items
| Lesser Clarity Potion | 1 | |
| Scroll of Speed | 1 | |
| Scroll of Town Portal | 6 | |
| Potion of Healing | 5 | |
| Scroll of Regeneration | 2 | |
| Mechanical Critter | 2 | |
| Staff of Sanctuary | 2 | |
19 total
Machinbidule (
pink | 107 APM | 4367 actions | 40:44)
5 Priestess of the Moon
3 Trueshot Aura
2 Scout
2 Dark Ranger
1 Black Arrow
1 Silence
» actions
| Assign group hotkey | 22 | |
| Basic commands | 156 | |
| Build / train | 155 | |
| Enter build submenu | 90 | |
| Enter hero's abilities submenu | 7 | |
| Give item / drop item | 3 | |
| Remove unit from queue | 20 | |
| Right click | 2669 | |
| Select / deselect | 828 | |
| Select group hotkey | 114 | |
| Use ability | 303 | |
4367 total
» units
» upgrades
| Abolish Magic | 1 | |
| Strength of the Wild | 3 | |
| Reinforced Hides | 3 | |
| Nature's Blessing | 1 | |
8 total
» buildings
| Altar of Elders | 1 | |
| Moon Well | 8 | |
| Ancient of War | 4 | |
| Hunter's Hall | 1 | |
| Tree of Ages | 1 | |
| Ancient Protector | 45 | |
| Tree of Life | 8 | |
| Tree of Eternity | 1 | |
| Ancient of Wind | 1 | |
| Ancient of Wonders | 1 | |
| Ancient of Lore | 4 | |
75 total
» build order
00:06 Altar of Elders
00:18 Moon Well
01:02 Ancient of War
01:25 Moon Well
01:30 Ancient of War
02:08 Ancient of War
02:32 Ancient of War
02:54 Hunter's Hall
03:27 Moon Well
03:53 Tree of Ages
05:22 Ancient Protector
06:09 Tree of Life
06:25 Ancient Protector
07:23 Tree of Eternity
07:55 Tree of Life
08:42 Ancient Protector
08:52 Ancient of Wind
08:59 Ancient of Wonders
09:56 Ancient Protector
09:58 Ancient Protector
11:07 Ancient Protector
11:36 Ancient Protector
11:38 Ancient Protector
11:45 Ancient Protector
12:45 Ancient of Lore
12:48 Ancient of Lore
12:51 Ancient Protector
12:52 Ancient Protector
12:55 Ancient Protector
12:57 Ancient Protector
13:27 Ancient Protector
13:42 Moon Well
13:44 Moon Well
13:45 Moon Well
13:50 Ancient of Lore
15:53 Tree of Life
17:06 Ancient Protector
17:10 Ancient Protector
17:11 Ancient Protector
17:12 Ancient Protector
17:30 Ancient Protector
19:04 Tree of Life
19:50 Ancient Protector
19:51 Ancient Protector
19:54 Ancient Protector
19:55 Ancient Protector
19:56 Ancient Protector
20:02 Ancient Protector
20:07 Moon Well
20:12 Moon Well
23:25 Ancient Protector
23:27 Tree of Life
23:29 Ancient Protector
23:30 Ancient Protector
23:31 Ancient Protector
23:32 Ancient Protector
23:33 Ancient Protector
23:51 Ancient Protector
24:32 Tree of Life
26:55 Ancient Protector
26:58 Tree of Life
26:59 Ancient Protector
27:00 Ancient Protector
27:02 Ancient Protector
27:03 Ancient Protector
27:08 Ancient Protector
27:13 Ancient Protector
27:38 Ancient Protector
27:42 Ancient Protector
29:50 Ancient Protector
29:51 Tree of Life
31:16 Ancient Protector
31:18 Ancient Protector
31:20 Ancient Protector
40:27 Ancient of Lore
» items
| Scroll of Town Portal | 7 | |
| Potion of Healing | 2 | |
| Potion of Lesser Invulnerability | 1 | |
| Anti-magic Potion | 1 | |
11 total
TKOcyborg (
yellow | 86 APM | 3489 actions | 40:46)
5 Death Knight
3 Death Coil
2 Unholy Aura
4 Lich
2 Frost Nova
2 Frost Armor
2 Crypt Lord
1 Impale
1 Spiked Carapace
» actions
| Assign group hotkey | 28 | |
| Basic commands | 477 | |
| Build / train | 109 | |
| Enter build submenu | 50 | |
| Enter hero's abilities submenu | 11 | |
| Give item / drop item | 1 | |
| Remove unit from queue | 1 | |
| Right click | 1120 | |
| Select / deselect | 512 | |
| Select group hotkey | 1058 | |
| Use ability | 120 | |
3489 total
» units
| Acolyte | 21 | |
| Ghoul | 4 | |
| Crypt Fiend | 32 | |
57 total
» upgrades
| Creature Attack | 3 | |
| Creature Carapace | 3 | |
| Burrow | 1 | |
| Web | 1 | |
| Cannibalize | 1 | |
| Ghoul Frenzy | 1 | |
10 total
» buildings
| Crypt | 1 | |
| Graveyard | 1 | |
| Altar of Darkness | 1 | |
| Ziggurat | 19 | |
| Tomb of Relics | 1 | |
| Nerubian Tower | 3 | |
| Halls of the Dead | 4 | |
| Spirit Tower | 13 | |
| Sacrificial Pit | 1 | |
| Black Citadel | 1 | |
| Necropolis | 4 | |
| Boneyard | 1 | |
50 total
» build order
00:12 Crypt
00:22 Graveyard
00:33 Altar of Darkness
00:47 Ziggurat
01:52 Tomb of Relics
02:03 Ziggurat
02:39 Nerubian Tower
03:06 Ziggurat
04:17 Halls of the Dead
04:17 Halls of the Dead
04:17 Halls of the Dead
05:24 Ziggurat
06:11 Spirit Tower
06:12 Spirit Tower
06:59 Sacrificial Pit
09:00 Black Citadel
09:06 Necropolis
09:12 Ziggurat
09:34 Ziggurat
10:04 Ziggurat
10:06 Ziggurat
10:11 Ziggurat
10:26 Nerubian Tower
10:56 Spirit Tower
10:58 Spirit Tower
11:11 Spirit Tower
11:15 Ziggurat
12:09 Spirit Tower
12:12 Spirit Tower
12:39 Boneyard
13:12 Necropolis
14:19 Ziggurat
14:55 Ziggurat
15:56 Ziggurat
18:54 Necropolis
19:05 Ziggurat
19:08 Ziggurat
19:10 Ziggurat
19:58 Nerubian Tower
20:02 Ziggurat
20:04 Ziggurat
20:07 Spirit Tower
20:08 Spirit Tower
22:27 Spirit Tower
23:45 Necropolis
25:42 Spirit Tower
26:04 Ziggurat
» items
| Dust of Appearance | 2 | |
| Scroll of Town Portal | 2 | |
| Potion of Healing | 2 | |
| Sacrificial Skull | 1 | |
7 total
team 2 (winner)
2xbackwrdzgldr (
purple | 120 APM | 4888 actions | 40:52)
6 Archmage
3 Summon Water Elemental
2 Brilliance Aura
1 Mass Teleport
6 Mountain King
3 Storm Bolt
2 Bash
1 Avatar
5 Paladin
3 Holy Light
2 Divine Shield
» actions
| Assign group hotkey | 419 | |
| Basic commands | 163 | |
| Build / train | 158 | |
| ESC pressed | 6 | |
| Enter build submenu | 49 | |
| Enter hero's abilities submenu | 17 | |
| Give item / drop item | 9 | |
| Right click | 1913 | |
| Select / deselect | 689 | |
| Select group hotkey | 1295 | |
| Use ability | 170 | |
4888 total
» units
| Peasant | 19 | |
| Footman | 1 | |
| Rifleman | 4 | |
| Priest | 6 | |
| Sorceress | 4 | |
| Knight | 7 | |
| Mortar Team | 4 | |
45 total
» upgrades
| Masonry | 3 | |
| Gunpowder | 3 | |
| Lumber Harvesting | 2 | |
| Armor | 3 | |
| Long Rifles | 1 | |
| Sorceress Training | 3 | |
| Priest Training | 2 | |
| Magic Sentry | 1 | |
| Animal War Training | 1 | |
| Control Magic | 1 | |
| Swords | 3 | |
| Plating | 3 | |
| Fragmentation Shards | 1 | |
| Flare | 1 | |
28 total
» buildings
| Altar of Kings | 2 | |
| Farm | 12 | |
| Barracks | 4 | |
| Lumber Mill | 1 | |
| Scout Tower | 19 | |
| Town Hall | 5 | |
| Arcane Tower | 2 | |
| Keep | 2 | |
| Arcane Vault | 1 | |
| Blacksmith | 1 | |
| Guard Tower | 18 | |
| Castle | 2 | |
| Arcane Sanctum | 1 | |
| Workshop | 2 | |
72 total
» build order
00:02 Altar of Kings
00:04 Altar of Kings
00:05 Farm
01:11 Farm
01:47 Barracks
01:51 Barracks
02:22 Lumber Mill
02:52 Scout Tower
02:53 Farm
03:38 Town Hall
03:44 Arcane Tower
04:01 Farm
04:34 Keep
05:24 Arcane Vault
05:27 Blacksmith
06:06 Scout Tower
06:06 Scout Tower
06:08 Scout Tower
06:13 Scout Tower
06:14 Scout Tower
06:46 Guard Tower
06:48 Guard Tower
07:05 Guard Tower
07:21 Guard Tower
08:08 Castle
08:08 Castle
08:15 Arcane Sanctum
08:48 Town Hall
09:02 Farm
09:09 Scout Tower
09:10 Scout Tower
09:10 Scout Tower
09:14 Town Hall
11:25 Guard Tower
11:48 Guard Tower
11:52 Guard Tower
12:40 Scout Tower
12:40 Scout Tower
12:42 Scout Tower
12:43 Scout Tower
13:39 Guard Tower
14:32 Scout Tower
14:34 Scout Tower
14:38 Scout Tower
14:39 Scout Tower
14:41 Scout Tower
14:42 Scout Tower
14:59 Guard Tower
15:25 Guard Tower
15:36 Guard Tower
15:52 Guard Tower
15:52 Guard Tower
16:00 Guard Tower
16:00 Guard Tower
17:54 Town Hall
17:58 Farm
17:59 Farm
18:27 Town Hall
19:39 Farm
19:40 Farm
19:41 Farm
19:42 Farm
19:43 Farm
23:39 Barracks
24:54 Workshop
25:00 Workshop
34:34 Barracks
» items
| Scroll of Regeneration | 1 | |
| Potion of Healing | 1 | |
| Potion of Lesser Invulnerability | 1 | |
| Boots of Speed | 1 | |
| Periapt of Vitality | 1 | |
| Orb of Lightning | 2 | |
| Scroll of Town Portal | 3 | |
| Staff of Sanctuary | 1 | |
11 total

»
BI-fcl_gldrbs (
red | 106 APM | 4350 actions | 40:52)
6 Blademaster
2 Wind Walk
3 Critical Strike
1 Bladestorm
4 Shadow Hunter
2 Hex
2 Healing Wave
4 Far Seer
2 Feral Spirit
2 Chain Lighting
» actions
| Assign group hotkey | 30 | |
| Basic commands | 205 | |
| Build / train | 84 | |
| ESC pressed | 6 | |
| Enter build submenu | 53 | |
| Enter hero's abilities submenu | 15 | |
| Remove unit from queue | 1 | |
| Right click | 1783 | |
| Select / deselect | 385 | |
| Select group hotkey | 1387 | |
| Use ability | 401 | |
4350 total
» units
| Peon | 12 | |
| Troll Witch Doctor | 4 | |
| Shaman | 5 | |
| Spirit Walker | 8 | |
29 total
» upgrades
| Spiked Barricades | 1 | |
| Witch Doctor Training | 2 | |
| Shaman Training | 2 | |
| Spirit Walker Training | 2 | |
| Reinforced Defenses | 1 | |
8 total
» buildings
| Altar of Storms | 1 | |
| Orc Burrow | 6 | |
| War Mill | 1 | |
| Voodoo Lounge | 2 | |
| Watch Tower | 37 | |
| Stronghold | 1 | |
| Fortress | 1 | |
| Spirit Lodge | 2 | |
| Great Hall | 4 | |
55 total
» build order
00:04 Altar of Storms
00:09 Orc Burrow
01:08 War Mill
01:15 Voodoo Lounge
01:57 Orc Burrow
02:25 Watch Tower
03:00 Watch Tower
03:02 Watch Tower
03:50 Watch Tower
03:51 Watch Tower
04:54 Stronghold
04:56 Watch Tower
04:57 Watch Tower
05:58 Orc Burrow
06:00 Orc Burrow
07:16 Fortress
07:18 Spirit Lodge
07:19 Spirit Lodge
09:25 Voodoo Lounge
09:30 Great Hall
09:37 Watch Tower
10:41 Watch Tower
10:41 Watch Tower
10:45 Watch Tower
11:52 Watch Tower
11:52 Watch Tower
11:55 Watch Tower
11:56 Watch Tower
12:55 Watch Tower
12:56 Watch Tower
15:00 Orc Burrow
15:01 Orc Burrow
16:20 Watch Tower
17:59 Great Hall
18:01 Watch Tower
18:01 Watch Tower
18:24 Watch Tower
19:14 Watch Tower
19:15 Watch Tower
19:46 Watch Tower
19:46 Watch Tower
19:47 Watch Tower
19:47 Watch Tower
19:48 Watch Tower
20:21 Watch Tower
20:54 Great Hall
20:54 Watch Tower
20:55 Watch Tower
20:56 Watch Tower
21:03 Watch Tower
25:40 Watch Tower
26:56 Great Hall
27:35 Watch Tower
27:36 Watch Tower
» items
| Lesser Clarity Potion | 7 | |
| Healing Salve | 3 | |
| Scroll of Speed | 1 | |
| Boots of Speed | 1 | |
| Circlet of Nobility | 1 | |
| Orb of Lightning | 3 | |
| Scroll of Town Portal | 5 | |
| Potion of Healing | 3 | |
| Potion of Mana | 1 | |
25 total
DOGSANDHORSE.RU (
green | 113 APM | 4602 actions | 40:53)
7 Blademaster
3 Wind Walk
3 Critical Strike
1 Bladestorm
» actions
| Assign group hotkey | 14 | |
| Basic commands | 2 | |
| Build / train | 104 | |
| Enter build submenu | 74 | |
| Enter hero's abilities submenu | 8 | |
| Give item / drop item | 3 | |
| Remove unit from queue | 5 | |
| Right click | 3100 | |
| Select / deselect | 390 | |
| Select group hotkey | 714 | |
| Use ability | 188 | |
4602 total
» units
» upgrades
| Reinforced Defenses | 1 | |
| Liquid Fire | 1 | |
| Ranged Weapons | 3 | |
| Armor | 0 | |
5 total
» buildings
| Altar of Storms | 2 | |
| Orc Burrow | 4 | |
| Voodoo Lounge | 1 | |
| War Mill | 2 | |
| Watch Tower | 38 | |
| Stronghold | 1 | |
| Beastiary | 2 | |
| Fortress | 1 | |
| Great Hall | 8 | |
59 total
» build order
00:08 Altar of Storms
00:10 Altar of Storms
00:21 Orc Burrow
00:44 Voodoo Lounge
01:08 War Mill
02:25 Watch Tower
02:27 Watch Tower
03:07 Stronghold
03:09 Watch Tower
04:18 Watch Tower
04:31 Orc Burrow
04:41 Watch Tower
05:54 Watch Tower
05:57 Beastiary
06:17 Beastiary
06:33 Orc Burrow
06:38 Fortress
06:41 Watch Tower
06:55 Watch Tower
06:56 Watch Tower
09:02 Watch Tower
09:45 Orc Burrow
10:12 Watch Tower
12:53 Watch Tower
12:55 Watch Tower
14:18 Great Hall
18:05 Great Hall
18:53 Watch Tower
18:55 Watch Tower
19:19 Watch Tower
19:59 Watch Tower
21:11 Watch Tower
21:15 Watch Tower
22:15 Watch Tower
23:22 Watch Tower
23:23 Watch Tower
24:11 War Mill
24:18 Great Hall
24:43 Watch Tower
24:44 Watch Tower
26:57 Watch Tower
26:57 Watch Tower
28:34 Watch Tower
28:37 Watch Tower
28:38 Watch Tower
28:39 Watch Tower
29:26 Watch Tower
30:18 Watch Tower
30:20 Watch Tower
31:18 Watch Tower
32:41 Great Hall
32:48 Great Hall
36:36 Watch Tower
37:12 Great Hall
39:21 Great Hall
39:35 Great Hall
39:38 Watch Tower
39:39 Watch Tower
40:51 Watch Tower
» items
| Healing Salve | 4 | |
| Lesser Clarity Potion | 12 | |
| Boots of Speed | 1 | |
| Staff of Teleportation | 1 | |
| Dust of Appearance | 1 | |
| Orb of Lightning | 1 | |
| Potion of Healing | 1 | |
| Potion of Lesser Invulnerability | 1 | |
| Tome of Retraining | 1 | |
23 total
MyLiege_Cyrus (
teal | 106 APM | 4336 actions | 40:52)
6 Archmage
3 Blizzard
2 Brilliance Aura
1 Mass Teleport
5 Mountain King
3 Storm Bolt
2 Bash
» actions
| Assign group hotkey | 344 | |
| Basic commands | 20 | |
| Build / train | 129 | |
| Enter build submenu | 69 | |
| Enter hero's abilities submenu | 11 | |
| Remove unit from queue | 2 | |
| Right click | 2209 | |
| Select / deselect | 488 | |
| Select group hotkey | 854 | |
| Use ability | 210 | |
4336 total
» units
» upgrades
| Masonry | 3 | |
| Lumber Harvesting | 2 | |
| Magic Sentry | 1 | |
| Storm Hammers | 1 | |
| Animal War Training | 1 | |
| Swords | 3 | |
| Armor | 2 | |
13 total
» buildings
| Altar of Kings | 1 | |
| Farm | 10 | |
| Lumber Mill | 1 | |
| Scout Tower | 64 | |
| Arcane Tower | 5 | |
| Guard Tower | 22 | |
| Arcane Vault | 3 | |
| Keep | 1 | |
| Town Hall | 7 | |
| Castle | 1 | |
| Arcane Sanctum | 1 | |
| Gryphon Aviary | 2 | |
| Barracks | 1 | |
| Blacksmith | 1 | |
120 total
» build order
00:20 Altar of Kings
00:29 Farm
01:13 Lumber Mill
01:24 Farm
02:07 Scout Tower
02:25 Scout Tower
02:29 Farm
03:06 Arcane Tower
03:13 Guard Tower
03:30 Scout Tower
04:13 Scout Tower
04:22 Arcane Vault
04:27 Scout Tower
04:39 Scout Tower
04:47 Guard Tower
05:05 Keep
05:06 Guard Tower
05:08 Guard Tower
05:13 Scout Tower
05:53 Guard Tower
06:03 Farm
06:29 Scout Tower
06:30 Scout Tower
07:15 Town Hall
07:19 Scout Tower
07:20 Scout Tower
07:21 Scout Tower
07:22 Scout Tower
07:23 Scout Tower
07:23 Scout Tower
07:25 Arcane Vault
07:31 Castle
07:32 Guard Tower
08:42 Scout Tower
08:44 Scout Tower
08:52 Arcane Tower
08:53 Guard Tower
08:55 Scout Tower
08:56 Scout Tower
08:56 Scout Tower
09:02 Arcane Sanctum
09:06 Scout Tower
09:07 Scout Tower
09:07 Scout Tower
09:08 Scout Tower
09:41 Guard Tower
09:52 Guard Tower
10:03 Guard Tower
10:05 Guard Tower
10:09 Scout Tower
10:10 Scout Tower
10:10 Scout Tower
10:14 Scout Tower
10:15 Scout Tower
10:48 Scout Tower
11:17 Guard Tower
11:21 Guard Tower
12:23 Guard Tower
12:25 Guard Tower
12:30 Scout Tower
12:31 Scout Tower
12:51 Gryphon Aviary
14:06 Town Hall
14:08 Scout Tower
14:09 Scout Tower
14:09 Scout Tower
14:10 Scout Tower
14:13 Scout Tower
14:14 Scout Tower
14:15 Scout Tower
14:15 Scout Tower
14:19 Scout Tower
14:20 Scout Tower
14:21 Scout Tower
14:22 Scout Tower
14:23 Scout Tower
14:24 Scout Tower
14:26 Scout Tower
14:27 Scout Tower
14:29 Scout Tower
14:30 Scout Tower
14:51 Arcane Tower
14:52 Guard Tower
15:09 Guard Tower
15:24 Guard Tower
15:30 Arcane Vault
16:03 Barracks
16:06 Blacksmith
16:33 Guard Tower
16:56 Arcane Tower
17:03 Guard Tower
17:12 Gryphon Aviary
20:12 Farm
20:13 Farm
20:14 Farm
22:37 Town Hall
22:39 Scout Tower
22:40 Scout Tower
22:40 Scout Tower
22:42 Scout Tower
22:43 Scout Tower
22:44 Scout Tower
23:29 Farm
23:31 Farm
23:31 Farm
23:44 Guard Tower
23:46 Scout Tower
23:47 Scout Tower
23:48 Scout Tower
23:52 Scout Tower
23:52 Scout Tower
23:55 Scout Tower
23:55 Scout Tower
23:56 Scout Tower
23:58 Arcane Tower
24:58 Guard Tower
27:36 Town Hall
28:17 Town Hall
33:00 Town Hall
38:54 Town Hall
» items
| Scroll of Regeneration | 8 | |
| Lesser Clarity Potion | 4 | |
| Scroll of Town Portal | 6 | |
| Staff of Sanctuary | 2 | |
| Orb of Fire | 2 | |
| Boots of Speed | 1 | |
| Staff of Teleportation | 1 | |
24 total
Chat log
(01:47 / All) DOGSANDHORSE.RU: Laugh
(01:52 / All) KaMiKaZ: Me too.
(01:56 / All) 2xbackwrdzgldr: good laugh. your first laugh.
(02:05 / All) DOGSANDHORSE.RU: y'all noobs?
(02:19 / All) DOGSANDHORSE.RU: Laugh 2
(27:54 / All) DOGSANDHORSE.RU: LOL
(39:22 / All) KaMiKaZ: o
(39:22 / All) KaMiKaZ: m
(39:23 / All) KaMiKaZ: f
(39:24 / All) KaMiKaZ: g
(39:24 / All) DOGSANDHORSE.RU: lmao
(39:26 / All) MyLiege_Cyrus: noob
(39:27 / All) DOGSANDHORSE.RU: you noobs.
(39:29 / All) KaMiKaZ: What the fuck was this game guys. O_O
(39:30 / All) KaMiKaZ: Yeah
(39:32 / All) KaMiKaZ: We noob
(39:35 / All) BI-fcl_gldrbs: YOU LOSe to mass caster
(39:36 / All) BI-fcl_gldrbs: enjoy
(39:46 / All) BI-fcl_gldrbs: why not make some anti caster you nooblord
(39:52 / All) DOGSANDHORSE.RU: lord of the noobs
(39:54 / All) KaMiKaZ: oh yeah
(39:57 / All) KaMiKaZ: But I have a life
(39:59 / All) KaMiKaZ: And my mum
(40:01 / All) MyLiege_Cyrus: noobloord scrooblord what you think of gerald ford
(40:02 / All) DOGSANDHORSE.RU: a life that consists of losing
(40:04 / All) KaMiKaZ: Said I'm a good fuy
(40:05 / All) KaMiKaZ: so stfu
(40:18 / All) DOGSANDHORSE.RU: you lose,,,,,,,,,,,,,,,,,,lol
(40:22 / All) KaMiKaZ: :DDD
(40:42 / All) DOGSANDHORSE.RU: wher eyour base
(40:45 / All) DOGSANDHORSE.RU: in a grave
(40:48 / All) DOGSANDHORSE.RU: lol!